 Seeded DCSS version 0.28.0-61-g67df4f89a8 (webtiles) character file.

Game seed: 5331517568451873064 (custom seed)

46 Mickster the Skirmisher (level 3, -3/29 HPs)
             Began as a Demonspawn Monk on Feb 12, 2023.
             Slain by Robin
             ... wielding a +0 mace
              (4 damage)
             ... on level 3 of the Dungeon.
             The game lasted 00:11:58 (2049 turns).

Mickster the Skirmisher (Demonspawn Monk)           Turns: 2049, Time: 00:11:59

Health: -3/29      AC:  8    Str: 13    XL:     3   Next: 46%
Magic:  3/3        EV:  6    Int: 11    God:
Gold:   31         SH:  0    Dex: 15    Spells: 2/2 levels left

rFire   . . .      SeeInvis .   a - +0 falchion
rCold   . . .      Faith    .   (no shield)
rNeg    . . .      Spirit   .   c - +0 chain mail
rPois   .          Reflect  .   (helmet restricted)
rElec   .          Harm     .   (no cloak)
rCorr   .          Rampage  .   (no gloves)
Will    .....                   (no boots)
Stlth   ..........              (no amulet)
HPRegen 0.09/turn               (no ring)
MPRegen 0.08/turn               (no ring)

@: no status effects
A: antennae 1, claws 1
a: no special abilities


You were on level 3 of the Dungeon.
You visited 1 branch of the dungeon, and saw 3 of its levels.

You collected 31 gold pieces.

Inventory:

Hand Weapons
 a - a +0 falchion (weapon)
 d - a +0 flail
Missiles
 e - 5 boomerangs (quivered)
Armour
 c - a +0 chain mail (worn)
Wands
 b - a wand of acid (11)


   Skills:
 + Level 3.3 Fighting
 + Level 3.2 Long Blades
 + Level 1.1 Armour
 + Level 2.9 Dodging
 + Level 1.8 Stealth


You had 2 spell levels left.
You didn't know any spells.
Your spell library was empty.

Dungeon Overview and Level Annotations

Branches:
Dungeon (3/15)

Altars:

Annotations:
D:3 Robin


Innate Abilities, Weirdness & Mutations

You have a pair of small antennae on your head.
You have sharp fingernails.


Message History

The goblin hits you with a +0 club.
Robin roars a battlecry!
The goblins go into a battle-frenzy!
A goblin comes into view. It is wielding a +0 club.
The goblin hits you but does no damage. Robin throws the goblin at you!
The goblin hits you but does no damage.
You see here a +0 dagger.
You closely miss the goblin. The goblin hits you but does no damage.
The goblin closely misses you.
You barely miss the goblin.
The goblin hits you but does no damage. x2
You hit the goblin but do no damage. You claw the goblin.
You kill the goblin!
The goblin closely misses you. Robin hits you but does no damage.
The goblin hits you with a +0 club.
Items here: ( )) †.
You slash the goblin!
You kill the goblin!
You barely miss Robin. Robin hits you with a +0 mace.
You slash Robin!
Robin is heavily wounded.
The goblin hits you but does no damage.
You hit Robin.
Robin is almost dead.
The goblin hits you with a +0 club.
* * * LOW HITPOINT WARNING * * *
The goblin hits you but does no damage.
You closely miss Robin.
Robin is almost dead.
Robin barely misses you. The goblin hits you with a +0 club.
* * * LOW HITPOINT WARNING * * *
You barely miss Robin.
Robin is almost dead.
The goblin no longer looks unusually strong.
Robin hits you with a +0 mace.
* * * LOW HITPOINT WARNING * * *
The goblin barely misses you.
You hit Robin but do no damage.
Robin is almost dead.
Robin hits you with a +0 mace.
You die...

#...# ...#
#.#.##.....
#.#.'...⌠..
#...###...#
###)# # #.#
#.# .#
#g###...##
#@ggg.⌠...
####g....#
...## .## #


You could see Robin and 4 goblins.

Vanquished Creatures
  An adder (D:2)
  2 worms (D:2)
  A dart slug (D:1)
  3 ball pythons (D:2)
  2 endoplasms (D:1)
  A giant cockroach (D:2)
  2 hobgoblins (D:1)
  2 quokkas (D:1)
  3 bats (D:1)
  4 frilled lizards
  8 goblins
  A kobold (D:1)
  A rat (D:2)
31 creatures vanquished.

Notes
Turn   | Place    | Note
-------+----------+-------------------------------------------
     0 | D:1      | Mickster the Demonspawn Monk began the quest for the Orb.
     0 | D:1      | Reached XP level 1. HP: 18/18 MP: 1/1
   225 | D:1      | Discovered your monstrous ancestry.
   225 | D:1      | Gained mutation: You have a pair of small antennae on your
                  | head. [demonic ancestry]
   225 | D:1      | Reached XP level 2. HP: 7/24 MP: 2/2
  1489 | D:2      | Reached skill level 1 in Armour
  1491 | D:2      | Gained mutation: You have sharp fingernails. [demonic
                  | ancestry]
  1491 | D:2      | Reached XP level 3. HP: 15/29 MP: 3/3
  2033 | D:3      | Noticed Robin
  2048 | D:3      | HP: 1/29 [Robin/+0 mace (6)]
  2049 | D:3      | Slain by Robin

Illustrated notes

Levels and vault maps discovered:
D:1:      enne_arrival_octagon_isle, layout_basic, serial_co_window_serial,
          co_window_paths_b, co_window_paths_a, co_window_paths_a,
          co_window_paths_b, co_window_corner_a, co_window_cross_4,
          co_window_cross_4, co_window_of_opportunity_b, co_window_paths_d,
          glass_columns_c, glass_columns_b, glass_columns_a, glass_columns_b,
          glass_columns_c, hellmonk_ecumenical_altar_watching_god,
          serial_bayou_crossing
D:2:      layout_basic
D:3:      layout_loops_cross, grunt_ministairs_15, kennysheep_generic_room_6,
          uniq_robin

Skill      XL: |  1  2 |
---------------+-------+-----
Long Blades    | 3 |  3.2
Armour         | 1 |  1.1
Fighting       | |  3.3
Dodging        | |  2.9
Stealth        | |  1.8

Action                   || total
-------------------------++-------
Melee: Falchion          ||   120
       Punch             ||     5
  Use: Potion            ||     2
Armor: Chain mail        ||    94
Dodge: Dodged            ||    31
